Map: Exílio do Traidor

Players

legnar

  • Race: Terran Terran
  • League: Gold
  • Spawn Location: 9:00

Cyberman

  • Race: Protoss Protoss
  • League: Silver
  • Spawn Location: 12:00

KUNAL - Winner!

  • Race: Zerg Zerg
  • Spawn Location: 6:00

IagoAbreu - Winner!

  • Race: Zerg Zerg
  • League: Gold
  • Spawn Location: 5:00

VOD

Have the link to the VOD?

Description

Time

  • Played on: May 13, 2018, 2:51 p.m.
  • Length: 4:56
Show
View Real Time Build Order
Export as new Build Order

legnar Terran 

Build Orders:  

Get SALT Encoding   

  12  0:12  Supply Depot  
  12  0:15  SCV  
  13  0:27  SCV  
  14  0:29  Refinery  
  14  0:46  SCV  
  15  0:54  Barracks  
  15  0:58  SCV  
  15  0:59  Refinery  
  16  1:11  SCV  
  17  1:23  SCV  
  18  1:35  SCV  
  19  1:43  Marine  
  19  1:44  Engineering Bay  
  19  1:46  Engineering Bay  
  20  1:47  SCV  
  21  1:55  Factory  
  21  2:01  Marine  
  22  2:19  Marine  
  22  2:22  Terran Infantry Weapons Level 1, Terran Infantry Armor Level 1  
  23  2:49  Supply Depot  
  23  2:58  Factory Tech Lab  
  23  3:11  Marine, SCV, Supply Depot  
  25  3:22  Siege Tank  
  25  3:23  SCV  
  29  3:28  Marine  
  30  3:35  Supply Depot  
  30  3:46  Marine  
  31  3:55  SCV  
  32  3:58  Supply Depot  
  32  4:04  Marine  
Show
View Real Time Build Order
Export as new Build Order

Cyberman Protoss 

Build Orders: Double Forge 

Get SALT Encoding   

  1  0:00  Probe  
  13  0:21  Probe  
  14  0:43  Probe  
  15  0:56  Pylon  
  15  1:12  Pylon  
  15  1:14  Probe  
  16  1:18  Pylon  
  16  1:27  Assimilator  
  16  1:30  Assimilator  
  16  1:36  Pylon  
  16  2:01  Forge  
  16  2:08  Forge  
  16  2:12  Gateway  
  16  2:29  Pylon  
  16  2:32  Probe  
  17  2:44  Probe  
  18  2:50  Photon Cannon  
  18  2:52  Photon Cannon  
  18  3:05  Photon Cannon  
  18  3:22  Photon Cannon  
  18  3:29  Zealot  
  18  3:34  Probe  
  21  3:44  Photon Cannon  
  21  3:46  Probe  
  22  3:56  Zealot  
  24  4:09  Pylon  
Show
View Real Time Build Order
Export as new Build Order

KUNAL Zerg - Winner!

Build Orders: Pool Only 

Get SALT Encoding   

  12  0:08  Drone x2  
  14  0:29  Spawning Pool  
  14  0:31  Drone  
  14  0:42  Drone, Extractor  
  14  0:45  Overlord  
  14  1:03  Drone x2  
  16  1:13  Drone  
  16  1:15  Queen  
  19  1:22  Zergling x2  
  20  1:28  Drone, Extractor  
  20  1:36  Drone  
  21  1:48  Drone  
  22  1:57  Overlord  
  22  2:21  Zergling x4  
  24  2:38  Zergling x6  
  27  2:44  Lair  
  27  2:45  Metabolic Boost  
  27  2:49  Drone  
  28  3:10  Zergling x4  
  30  3:37  Zergling x2  
  29  3:42  Overlord x2  
  25  4:10  Zergling x4  
  25  4:11  Zergling x8  
Show
View Real Time Build Order
Export as new Build Order

IagoAbreu Zerg - Winner!

Build Orders: Hatch First 

Get SALT Encoding   

  12  0:01  Drone  
  13  0:16  Overlord  
  13  0:21  Drone  
  13  0:25  Extractor  
  13  0:26  Drone  
  14  0:45  Drone x2  
  16  1:27  Hatchery  
  16  1:29  Spawning Pool  
  16  1:30  Drone x3  
  17  1:43  Drone  
  18  1:47  Evolution Chamber  
  17  2:05  Drone  
  17  2:07  Drone  
  19  2:14  Zerg Missile Weapons Level 1  
  19  2:19  Roach Warren  
  19  2:22  Drone  
  19  2:46  Drone, Queen  
  19  2:50  Queen  
  24  2:56  Drone  
  25  3:17  Spine Crawler  
  24  3:20  Spine Crawler  
  24  3:25  Roach x2  
  27  3:32  Overlord x3  
  27  3:50  Roach x2  
  31  4:08  Roach x4  
Tags
 
Add a new tag
Caveats
  • Supply blocks, unpowered buildings, or Contaminate may cause inaccurate times.
  • Supply counts are checked every 10 seconds.